 Dungeon Crawl Stone Soup version 0.27-a0-95-g5a9077b8ae (webtiles) character file.

Game seed: 4123427656461019409

32 dickylongcocking the Changer (level 3, -2/24 HPs)
             Began as an Octopode Wanderer on Jan 17, 2021.
             Slain by an adder (4 damage)
             ... on level 2 of the Dungeon.
             The game lasted 00:01:39 (1372 turns).

dickylongcocking the Changer (Octopode Wanderer)    Turns: 1372, Time: 00:01:40

Health: -2/24      AC:  1    Str: 13    XL:     3   Next: 25%
Magic:  6/6        EV:  8    Int: 13    God:
Gold:   62         SH:  0    Dex: 11    Spells: 5/6 levels left

rFire    . . .     SeeInvis .   a - +0 club
rCold    . . .     Faith    .   (no shield)
rNeg     . . .     Spirit   .   (helmet restricted)
rPois    .         Reflect  .   (no amulet)
rElec    .         Harm     .   e - -4 ring of evasion (curse)
rCorr    .         Rampage  .   h - ring of wizardry
Will     .....                  (no ring)
Stlth    ++........             (no ring)
HPRegen  0.08/turn              (no ring)
MPRegen  0.10/turn              (no ring)
                                (no ring)
                                (no ring)

@: lethally poisoned (-2 -> -9), very slightly contaminated, invisible
A: almost no armour, stealthy swim, amphibious, 8 rings, constrict 8, camouflage
1, gelatinous body 1
a: no special abilities


You were on level 2 of the Dungeon.
You visited 1 branch of the dungeon, and saw 2 of its levels.

You collected 62 gold pieces.

Inventory:

Hand Weapons
 a - a +0 club (weapon)
Armour
 d - a cursed +0 tower shield
Jewellery
 e - a cursed -4 ring of evasion (left tentacle)
 h - a ring of wizardry (right tentacle)
 k - an uncursed amulet of faith {unknown}
Scrolls
 b - a scroll of identify {unknown}
 c - a scroll of amnesia {unknown}
 f - 2 scrolls of teleportation
 g - a scroll of magic mapping {unknown}
 j - a scroll of fear {unknown}


   Skills:
 - Level 2.0 Fighting
 - Level 1.0 Axes
 - Level 2.0 Throwing
 * Level 2.1 Spellcasting
 * Level 3.0 Transmutations
 * Level 2.2 Earth Magic


You had 5 spell levels left.
You knew the following spells:

 Your Spells              Type           Power        Failure   Level
a - Sandblast             Erth           14%          4%          1

Your spell library contained the following spells:

 Spells                   Type           Power        Failure   Level
 Beastly Appendage        Tmut           18%          3%          1
 Passwall                 Tmut/Erth      6%           5%          2
 Corona                   Hex            1%           11%         1
 Ensorcelled Hibernation  Hex/Ice        2%           16%         2
 Spider Form              Tmut/Pois      2%           16%         3
 Stone Arrow              Conj/Erth      8%           19%         3
 Confusing Touch          Hex            1%           28%         3
 Dazzling Flash           Conj/Hex       2%           28%         3
 Tukima's Dance           Hex            1%           28%         3
 Petrify                  Tmut/Erth      8%           32%         4
 Lee's Rapid Deconstruct  Erth           3%           69%         5


Dungeon Overview and Level Annotations

Branches:
Dungeon (2/15)

Altars:


Innate Abilities, Weirdness & Mutations

You cannot wear most types of armour.
You are very stealthy in the water. (Stealth+)
You are amphibious.
You can wear up to eight rings at the same time.
You can use your tentacles to constrict eight enemies at once.
Your skin changes colour to match your surroundings (Stealth+).
Your rubbery body absorbs attacks. (AC +1, EV +1)


Message History

You fade into invisibility!
The adder bites you.
* * * LOW HITPOINT WARNING * * *
You are very lightly contaminated with residual magic.
Unknown command.
Unknown command.
You closely miss the adder. You grab the adder.
The adder is lightly wounded.
You constrict the adder.
* * * LOW HITPOINT WARNING * * *
You feel sick. The adder bites you.
* * * LOW HITPOINT WARNING * * *
The adder barely misses you.
Unknown command.
You hit the adder.
The adder is heavily wounded.
You constrict the adder.
* * * LOW HITPOINT WARNING * * *
You feel sick. The adder bites you.
You die...

#....#
###..##
#...#
#.###.#
#.....#
#.###.#
#...#
###.###
#.@.#
#S#.#
...#.#
##.#..#
#. .##
## . #.


You could see an adder.

Vanquished Creatures
  2 dart slugs (D:1)
  4 bats (D:1)
  A giant cockroach (D:1)
  4 goblins (D:1)
  4 hobgoblins
  6 kobolds (D:1)
  2 frilled lizards (D:1)
  4 rats (D:1)
27 creatures vanquished.

Notes
Turn   | Place    | Note
-------+----------+-------------------------------------------
     0 | D:1      | dickylongcocking the Octopode Wanderer began the quest for
                  | the Orb.
     0 | D:1      | dickylongcocking set off with the following items: a +0
                  | club, a scroll of teleportation; and the following spells
                  | available to memorise: Beastly Appendage, Sandblast,
                  | Passwall, Spider Form, Stone Arrow, Petrify, Lee's Rapid
                  | Deconstruction
     0 | D:1      | Reached XP level 1. HP: 14/14 MP: 2/2
     2 | D:1      | Learned a level 1 spell: Sandblast
   177 | D:1      | Reached XP level 2. HP: 15/19 MP: 0/4
   879 | D:1      | Reached XP level 3. HP: 22/24 MP: 5/5
  1372 | D:2      | Slain by an adder

Illustrated notes

Levels and vault maps discovered:
D:1:      amcnicky_arrival_wind_blow, layout_basic
D:2:      minmay_skewed_foursquare, layout_loops_ring, minmay_quantized

Skill      XL: |  1  2  3 |
---------------+----------+-----
Earth Magic    | 2 |  2.2
Spellcasting   | 2 |  2.1
Fighting       | |  2.0
Axes           | |  1.0
Throwing       | |  2.0
Transmutations | |  3.0

Action                   || total
-------------------------++-------
Melee: Club              ||    48
       Constrict         ||    12
       Tentacles         ||     3
 Cast: Sandblast         ||    20
  Use: Scroll            ||     1
       Potion            ||     1
 Stab: Sleeping          ||     4
Armor: Skin              ||    13
Dodge: Dodged            ||    25

Table legend: (Time is in decaauts)
 A = Elapsed time spent in this place.
 B = Non-inter-level travel time spent in this place.
 C = Inter-level travel time spent in this place.
 D = Time resting spent in this place.
 E = Time spent auto-exploring this place.
 F = Levels seen in this place.
 G = Mean time per level.
                   A        B        C        D        E       F      G
               +--------+--------+--------+--------+--------+-----+--------+
         Total |   1383 |   1313 |     70 |    123 |    950 |   2 |  691.5 |
       Dungeon |   1383 |   1313 |     70 |    123 |    950 |   2 |  691.5 |
               +--------+--------+--------+--------+--------+-----+--------+

Top non-repeatable levels by time:
     D:1: 1309 daAuts
     D:2: 74 daAuts
